cohdb
Replays
Latest Replays
All Replays
Popular Replays
Top Player Replays
Match Explorer
How It Works
Community
CoH3 Stats
Reddit
Sign in to upload your games and track your stats! →
Sign in with Steam
Match 45825272
Unlisted
Match 45825272
Overview
Messages
Build Orders
End
Selects Armored Battlegroup
Selects Assault Engineers
Assault Engineer Squad
Assault Engineer Squad
Construct Barracks
Construct Weapon Support Center
Bazooka Squad
M1919 Machine Gun Team
Infantry Support Center
Assault Engineer Squad
Bazooka Squad
M3 Armored Personnel Carrier
Construct Medical Station
Selects M31 Recovery Vehicle
Selects War Machine
Improved M9 Bazooka Rockets
Spaghetti
Willaguy
0
0
Comments
sign in to comment!
No comments posted yet!